 Dungeon Crawl Stone Soup version 0.17-a0-2147-gfb20a63 (console) character file.

436 brucemayne the Chopper (level 6, 0/47 HPs)
             Began as a Demonspawn Berserker on Oct 24, 2015.
             Was a Believer of Trog.
             Slain by a harpy simulacrum (14 damage)
             ... on level 1 of the Abyss.
             The game lasted 00:04:33 (1178 turns).

brucemayne the Chopper (Demonspawn Berserker)       Turns: 1178, Time: 00:04:33

Health: 0/47       AC:  5    Str: 20      XL:     6   Next: 69%
Magic:  15/15      EV: 19    Int:  8      God:    Trog [**....]
Gold:   131        SH:  0    Dex: 14 (17) Spells: 0 memorised, 5 levels left

rFire  . . .     SeeInvis .     a - +0 hand axe
rCold  . . .     Clarity  +     r - +0 ring mail (curse)
rNeg   . . .     SustAt   .     (no shield)
rPois  .         Gourm    .     (no helmet)
rElec  .         Spirit   .     (no cloak)
rCorr  .         Warding  .     (no gloves)
rMut   .         Stasis   .     (no boots)
MR     .....                    j - amulet of clarity
Stlth  ++........               (no ring)
                                t - ring of magical power

@: agile, not resistant to hostile enchantments, unstealthy
A: hooves 1, repulsion field 2, powered by pain 1
a: Berserk, Trog's Hand, Burn Spellbooks, Renounce Religion


You were on level 1 of the Abyss.
You worshipped Trog.
Trog was pleased with you.
You were not hungry.

You visited 1 branch of the dungeon, and saw 6 of its levels.
You visited the Abyss 1 time.

You collected 131 gold pieces.

Inventory:

Hand Weapons
 a - a +0 hand axe (weapon)
Missiles
 d - 3 javelins (quivered)
Armour
 b - a +0 animal skin
 e - a +0 leather armour
 m - a +0 ring mail
 q - a +0 ring mail
 r - a cursed +0 ring mail (worn)
Jewellery
 j - an amulet of clarity (around neck)
 t - a ring of magical power (left hand)
Scrolls
 i - a scroll of enchant weapon {unknown}
 k - a scroll of amnesia {unknown}
 l - 3 scrolls of identify {unknown}
 n - a scroll of remove curse {unknown}
 p - a scroll of noise {unknown}
 s - a scroll of enchant armour {unknown}
Potions
 g - a potion of experience {unknown}
 h - a potion of curing {unknown}
 o - a potion of lignification {unknown}
 u - a potion of berserk rage {unknown}
Comestibles
 c - 2 bread rations
 f - 4 chunks of flesh


   Skills:
 - Level 3.0 Fighting
 + Level 7.0 Axes
 - Level 1.7 Armour
 - Level 1.7 Dodging


You had 5 spell levels left.
You didn't know any spells.

Dungeon Overview and Level Annotations

Branches:
Dungeon (6/15)
 Temple: D:4-7

Altars:
Ashenzari
Okawaru


Innate Abilities, Weirdness & Mutations

You have large cloven feet.
You are surrounded by a moderate repulsion field (EV +3).
You sometimes gain a little power by taking damage.


Message History

There are no items here.
Read which item? (? for menu, Esc to quit)
Okay, then.
You enter the shallow water.
Moving in this stuff is going to be slow.
A large abomination comes into view.
A large abomination comes into view.
The large abomination moves out of view.
A harpy simulacrum comes into view.
The harpy simulacrum barely misses you.
The harpy simulacrum completely misses you.
The harpy simulacrum claws you! The harpy simulacrum freezes you!
You focus on the pain.
You feel agile all of a sudden.
The harpy simulacrum closely misses you.
The harpy simulacrum completely misses you.
The harpy simulacrum claws you.
* * * LOW HITPOINT WARNING * * *
The harpy simulacrum freezes you!
You die...

.. ..### . ....# ..
#.#.### .. #.#.#.# #.
#.#.#.# .##..#.#.#.#
.......@.#.########### #
......Z.......... ≈....
.......#.#.#############
#...#..#.#.## .. #####.#
##. #.X#.#..# ## .. )
#...#...X#.########. ...
............ .≈... . ..
....#####. ######.. ..
.... ..# . ..# ##


You could see 2 large abominations and a harpy simulacrum.

Vanquished Creatures
  Menkaure (D:5)
  A scorpion (D:6)
  A giant frog zombie (D:5)
  A quasit (D:6)
  A hound (D:5)
  A worker ant (D:4)
  2 iguanas (D:5)
  7 adders
  A giant gecko (D:3)
  An orc (D:5)
  A bat (D:2)
  5 hobgoblins
  5 kobolds
  A quokka (D:4)
  2 giant cockroaches
  2 giant newts
  4 goblins
  4 rats
41 creatures vanquished.

Notes
Turn   | Place    | Note
--------------------------------------------------------------
     0 | D:1      | brucemayne the Demonspawn Berserker began the quest for the Orb.
     0 | D:1      | Reached XP level 1. HP: 18/18 MP: 1/1
   148 | D:2      | Gained mutation: You are surrounded by a mild repulsion field (EV +2). [demonic ancestry]
   148 | D:2      | Reached XP level 2. HP: 22/24 MP: 2/2
   325 | D:3      | Found an iron altar of Okawaru.
   383 | D:3      | Reached ** piety under Trog
   387 | D:3      | Gained mutation: You sometimes gain a little power by taking damage. [demonic ancestry]
   387 | D:3      | Reached XP level 3. HP: 9/29 MP: 3/3
   392 | D:3      | Reached skill level 4 in Axes
   575 | D:4      | Found a shattered altar of Ashenzari.
   598 | D:4      | Gained mutation: You have large cloven feet. [demonic ancestry]
   598 | D:4      | Reached XP level 4. HP: 35/35 MP: 4/4
   676 | D:5      | Entered Level 5 of the Dungeon
   676 | D:5      | Noticed Menkaure
   685 | D:5      | Killed Menkaure
   685 | D:5      | Reached skill level 5 in Axes
   685 | D:5      | Gained mutation: You are surrounded by a moderate repulsion field (EV +3). [demonic ancestry]
   685 | D:5      | Reached XP level 5. HP: 22/41 MP: 5/5
   747 | D:5      | Reached skill level 6 in Axes
   775 | D:5      | Reached XP level 6. HP: 17/47 MP: 6/6
  1055 | D:5      | Reached skill level 7 in Axes
  1081 | D:6      | Cast into the Abyss (gnoll)
  1166 | Abyss:1  | Noticed a large abomination
  1173 | Abyss:1  | Noticed a large abomination
  1177 | Abyss:1  | Noticed a harpy simulacrum
  1178 | Abyss:1  | Slain by a harpy simulacrum

Vault maps used:
D:1:      onia_arrival_handbag
D:2:      cheibriados_altar_wand_db, kennysheep_generic_room_9
D:3:      okawaru_ov_weapons_minmay, uniq_jessica
D:4:      ashenzari_conservatory_becter, minmay_temple_entry_junction2
D:5:      first_bread, uniq_menkaure
D:6:      nicolae_overflow_crystal_walls, gup_ossuary_entry_pyramid
Abyss:1:  hangedman_decor_lopped, evilmike_abyss_exit_glass

Action                   |  1- 3 |  4- 6 || total
-------------------------+-------+-------++-------
Melee: Hand axe          |    70 |    84 ||   154
Throw: Javelin           |       |     2 ||     2
Invok: Berserk           |     4 |     4 ||     8
       Trog's Hand       |     1 |     3 ||     4
 Stab: Sleeping          |     2 |       ||     2
  Eat: Chunk             |     1 |     3 ||     4
       Pizza             |     1 |       ||     1
       Bread ration      |       |     1 ||     1
